 Seeded DCSS version 0.30-a0-272-gf98c3da03f (webtiles) character file.

Game seed: 9700494114414739991 (custom seed)

47917 valliere the Unseen (level 14, 0/86 HPs)
             Began as a Vampire Enchanter on Oct 15, 2022.
             Was an Initiate of Gozag.
             Slain by a redback (11 damage)
             ... led by a broodmother
             ... on level 1 of the Spider Nest.
             The game lasted 00:59:26 (17549 turns).

valliere the Unseen (Vampire Enchanter)            Turns: 17549, Time: 00:59:27

Health: 0/86       AC: 21    Str: 11 (12) XL:     14   Next: 10%
Magic:  17/17      EV: 14    Int: 22      God:    Gozag
Gold:   1817       SH:  0    Dex: 20      Spells: 12/17 levels left

rFire   + + +      SeeInvis +    E - +5 dagger of Purpose {distort, rF+ Will+ rCorr}
rCold   + + +      Faith    .    (no shield)
rNeg    + + +      Spirit   .    Z - +3 scale mail {rF+}
rPois   ∞          Reflect  .    g - +1 helmet {SInv}
rElec   .          Harm     .    b - +2 cloak {rF+}
rCorr   +          Rampage  .    (no gloves)
Will    ++...                    h - +2 pair of boots {Stlth+}
Stlth   ++++++++++               S - amulet of magic regeneration
HPRegen 0.00/turn                R - +4 ring of slaying
MPRegen 0.55/turn                a - +6 ring of strength

@: about to teleport, very slightly contaminated, bloodless, inhibited regen,
invisible
A: bloodless, fangs 3, see invisible, vampiric 2, thin skeletal structure 1,
clever 1, cold resistance 1, deterioration 1
a: Bat Form, Revivify, Renounce Religion, Potion Petition, Call Merchant, Bribe
Branch


You were on level 1 of the Spider Nest.
You worshipped Gozag.
Gozag was most pleased with you.
You visited 4 branches of the dungeon, and saw 17 of its levels.
You also visited: Sewer and Volcano.

You collected 5229 gold pieces.
You spent 1330 gold pieces at shops.
You paid 2082 gold pieces to Gozag.

Inventory:

Hand Weapons
 E - the +5 dagger of Purpose (weapon) {distort, rF+ Will+ rCorr}
   (You bought it in a shop on level 4 of the Dungeon)

   It warps and distorts space around it, and may blink, banish, or inflict
   extra damage upon those it strikes.
   Unwielding it can cause banishment or high damage.
   rF:        It protects you from fire.
   rCorr:     It protects you from acid and corrosion.
   Will:      It increases your willpower.
 M - the +10 dagger "Qiasiol" {protect, rF+ Dex+3}
   (You found it on level 6 of the Dungeon)

   It grants its wielder temporary protection when it strikes (+7 to AC).
   Dex:       It affects your dexterity (+3).
   rF:        It protects you from fire.
Missiles
 C - 6 poisoned darts
 H - 2 throwing nets (quivered)
Armour
 b - a +2 cloak of fire resistance (worn)
 g - a +1 helmet of see invisible (worn)
 h - a +2 pair of boots of stealth (worn)
 m - +0 fire dragon scales
 p - the +0 scale mail of Duty {Int+3}
   (You found it on level 2 of the Dungeon)

   Int:       It affects your intelligence (+3).
 X - a scarf of shadows
 Z - a +3 scale mail of fire resistance (worn)
Jewellery
 a - a +6 ring of strength (right hand)
 d - a ring of protection from cold
 q - a ring of fire
 y - a +6 ring of strength
 D - a +4 ring of evasion
 R - a +4 ring of slaying (left hand)
 S - an amulet of magic regeneration (around neck)
Wands
 l - a wand of polymorph (25)
 u - a wand of paralysis (5)
 J - a wand of digging (6)
 L - a wand of mindburst (8)
 O - a wand of flame (47)
 W - a wand of light (6)
Scrolls
 e - 2 scrolls of fog {unknown}
 f - 3 scrolls of amnesia {unknown}
 k - 6 scrolls of teleportation
 n - 3 scrolls of vulnerability
 t - 5 scrolls of immolation
 w - 2 scrolls of magic mapping {unknown}
 x - a scroll of brand weapon {unknown}
 A - a scroll of identify
 G - 3 scrolls of poison {unknown}
 I - a scroll of summoning {unknown}
 K - 2 scrolls of enchant armour {unknown}
 N - a scroll of silence {unknown}
 U - 3 scrolls of enchant weapon {unknown}
 Y - 2 scrolls of fear {unknown}
Potions
 c - 2 potions of invisibility
 i - 4 potions of berserk rage
 j - a potion of cancellation {unknown}
 o - 3 potions of magic
 r - 3 potions of brilliance
 s - 4 potions of attraction {unknown}
 v - 3 potions of haste
 z - a potion of flight {unknown}
 B - a potion of mutation
 F - 6 potions of lignification
 P - 3 potions of might
 T - 2 potions of curing {unknown}


   Skills:
 * Level 9.6 Fighting
 * Level 13.4 Short Blades
 * Level 11.8 Armour
 + Level 9.9 Dodging
 * Level 18.9 Stealth
 - Level 2.0 Spellcasting
 - Level 8.1 Hexes


You had 12 spell levels left.
You knew the following spells:

 Your Spells              Type           Power      Damage    Failure   Level
a - Ensorcelled Hibernat  Hex/Ice        40%        N/A       16%         2
b - Tukima's Dance        Hex            38%        N/A       5%          3

Your spell library contained the following spells:

 Spells                   Type           Power      Damage    Failure   Level
 Slow                     Hex            100%       N/A       1%          1
 Confusing Touch          Hex            38%        N/A       5%          3
 Dazzling Flash           Conj/Hex       40%        N/A       30%         3
 Portal Projectile        Hex/Tloc       40%        N/A       30%         3
 Summon Guardian Golem    Hex/Summ       20%        N/A       30%         3
 Apportation              Tloc           4%         N/A       45%         1
 Freeze                   Ice            8%         1d3       45%         1
 Necrotise                Necr           8%         1d4       45%         1
 Summon Small Mammal      Summ           8%         N/A       45%         1
 Cigotuvi's Dreadful Rot  Necr/Pois/Air  4%         N/A       61%         2
 Frozen Ramparts          Ice            4%         1d1       83%         3
 Hailstorm                Conj/Ice       2%         3d3       83%         3
 Ozocubu's Armour         Ice            2%         N/A       83%         3
 Vampiric Draining        Necr           2%         2d6       83%         3
 Dispel Undead            Necr           2%         3d7       99%         4
 Blade Hands              Tmut           1%         N/A       100%        5
 Summon Forest            Summ/Tloc      1%         N/A       100%        5
 Death Channel            Necr           1%         N/A       100%        6
 Eringya's Noxious Bog    Tmut/Pois      1%         N/A       100%        6
 Ozocubu's Refrigeration  Ice            1%         4d7       100%        7
 Spellforged Servitor     Conj/Summ      1%         N/A       100%        7
 Summon Hydra             Summ           1%         N/A       100%        7
 Shatter                  Erth           1%         3d5*      100%        9


Dungeon Overview and Level Annotations

Branches:
Dungeon (10/15)            Temple (1/1) D:5            Lair (5/5) D:8
  Swamp (0/4) Lair:2       Spider (1/4) Lair:3        Slime (0/5) Lair:4
    Orc (0/2) D:10          Sewer (visited)         Volcano (visited)

Altars:
Ashenzari
Cheibriados
Dithmenos
Fedhas
Gozag
Hepliaklqana
Kikubaaqudgha
Makhleb
Nemelex Xobeh
Okawaru
Qazlal
Ru
Sif Muna
Trog
Uskayaw
Vehumet
Wu Jian
Xom
Yredelemnul

Shops:
D:2 (   D:4 :*   Lair:3 [

Portals:
Hell: Lair:5

Annotations:
D:4 exclusion: oklob plant
D:7 2 transporters, Bediveer's ghost, novice HOFi
D:8 Grum
Lair:5 Urug
Abyss:1 Joseph; Kirke; Nergalle


Innate Abilities, Weirdness & Mutations

You do not regenerate when monsters are visible.
You are frail without blood (-20% HP).
You can heal yourself when you bite living creatures.
You are immune to poison.
You have razor-sharp teeth.
You have supernaturally acute eyesight. (SInv)
You are afflicted with vampirism and can become a bat while bloodless.
You have a somewhat thin skeletal structure. (Dex +2, Stealth+)
Your mind is acute. (Int +4, Str/Dex -1)
Your flesh is cold resistant. (rC+)
Your body sometimes deteriorates upon taking damage.


Message History

The culicivora misses you.
The broodmother bites you but does no damage.
The redback bites you but does no damage.
Aiming: Paralyse
Press: ? - help, Shift-Dir - straight line, f/p - broodmother
Aim: a broodmother (chance to affect: 17%)
The broodmother resists with almost no effort.
The jumping spider leaps!
The redback closely misses you.
The broodmother summons spiders!
Unknown command.
You fade into invisibility!
The redback closely misses you. The broodmother bites you!!
* * * LOW HITPOINT WARNING * * *
A spider bursts forth from the wound!
The redback bites you but does no damage.
You hit the broodmother.
Space warps around the broodmother.
The broodmother is lightly wounded.
The redback completely misses you. The wolf spider completely misses you.
The wolf spider closely misses you. The broodmother bites you.
* * * LOW HITPOINT WARNING * * *
A spider bursts forth from the wound!
Okay, then.
As you read the scroll of teleportation, it crumbles to dust.
You feel strangely unstable.
The redback bites you but does no damage. x2
The broodmother closely misses you.
You hit the broodmother.
Space warps around the broodmother.
The broodmother is lightly wounded.
The jumping spider's many legs skitter faintly.
The broodmother misses you.
The jumping spider's many legs skitter faintly.
You puncture the broodmother!
Space warps around the broodmother.
The broodmother is lightly wounded.
The redback misses you.
You hit the broodmother.
Space warps around the broodmother.
You bite the broodmother.
The broodmother is moderately wounded.
The redback bites you!
You die...
Your body crumbles into a pile of gold.

#..##.....#...##
#...?..#.#..#..##
#...#......$.#.##
#...$.....#...#.##
##..............#$##
..##$...#..##......#
...#.#....#####.#..#
#..##....$.## ###s.#
#^.....#..$####@s.##
#....$.$.#$<##sss..#
##..$$$.s.$.$sss#.##
#...#.$..#..s.##..#
##.$......##### #..#
##...$....### .....#
#s.$#..[..$#.....#.#
#....^#$.^.........^
#..$...$..#.....


You could see a broodmother (unable to see you), a wolf spider (summoned, unable
to see you), 2 orb spiders, a culicivora (unable to see you), a jumping spider
(unable to see you) and 3 redbacks.

Vanquished Creatures
  A broodmother (Spider:1)
  A dire elephant (Lair:5)
  A hydra (Lair:5)
  A centaur warrior (D:9)
  A boulder beetle (D:9)
  A sun demon (Lair:5)
  Amaemon (D:8)
  3 orb spiders (Spider:1)
  2 steelbarb worms (Spider:1)
  A wizard (Lair:5)
  Pikel (D:4)
  A cyclops (D:9)
  3 wolf spiders (Spider:1)
  8 elephants
  2 black mambas
  Maurice (D:9)
  A molten gargoyle (Volcano)
  A torpor snail (Spider:1)
  A gargoyle (D:10)
  3 orange demons
  An unseen horror (D:8)
  11 cane toads
  Maggie (D:7)
  5 rime drakes
  11 komodo dragons
  2 red devils (Lair:5)
  A polar bear (Lair:5)
  3 meliai (Spider:1)
  A hornet (D:9)
  A tarantella (Spider:1)
  13 blink frogs
  7 jumping spiders (Spider:1)
  Sigmund (D:2)
  2 shadows
  2 culicivoras (Spider:1)
  3 fire elementals (Volcano)
  2 wyverns
  34 yaks
  2 wraiths
  3 hogs (Lair:5)
  7 redbacks
  2 basilisks
  An acid dragon (D:9)
  Duvessa (D:6)
  13 water moccasins
  4 hell hounds (Lair:5)
  4 orc warriors (D:10)
  3 ice beasts
  3 sky beasts
  12 wolves
  2 lemures (D:4)
  A centaur (D:7)
  A phantom (D:6)
  4 kobold brigands
  11 bullfrogs
  A gnoll sergeant (D:6)
  A necrophage (D:5)
  5 wights
  Dowan (D:6)
  A howler monkey (D:8)
  6 orc priests
  A hound (D:7)
  Jessica (D:2)
  5 iguanas
  A gnoll bouda (D:7)
  Natasha (thrice) (D:4)
  3 orc wizards
  14 gnolls
  8 adders
  A shadow imp (D:7)
  An ufetubus (D:5)
  A worm (D:2)
  3 dart slugs
  28 orcs
  2 bats
  9 endoplasms
  15 giant cockroaches
  5 goblins
  8 hobgoblins
  6 jackals
  28 kobolds
  13 quokkas
  15 ball pythons
  16 frilled lizards
  2 rats
414 creatures vanquished.

Vanquished Creatures (others)
  A dancing weapon (D:9)
  24 fungi
  45 plants
70 creatures vanquished.

Grand Total: 484 creatures vanquished

Notes
Turn   | Place    | Note
-------+----------+-------------------------------------------
     0 | D:1      | valliere the Vampire Enchanter began the quest for the Orb.
     0 | D:1      | Reached XP level 1. HP: 13/13 MP: 3/3
    81 | D:1      | Reached XP level 2. HP: 19/19 MP: 5/5
    84 | D:1      | Learned a level 2 spell: Ensorcelled Hibernation
   217 | D:1      | Reached skill level 5 in Stealth
   368 | D:1      | Identified 3 scrolls of acquirement
   368 | D:1      | Acquired a +2 pair of boots of stealth
   419 | D:1      | Gained mutation: You are afflicted with vampirism and can
                  | become a bat while bloodless. [Vampire growth]
   419 | D:1      | Reached XP level 3. HP: 22/24 MP: 6/6
   490 | D:1      | You fall into a shaft and drop 1 floor!
   531 | D:2      | Reached skill level 5 in Hexes
   548 | D:2      | Noticed Jessica
   558 | D:2      | Killed Jessica
   559 | D:2      | Reached XP level 4. HP: 29/30 MP: 7/7
   737 | D:2      | Learned a level 3 spell: Tukima's Dance
   775 | D:2      | Noticed Sigmund
   782 | D:2      | Killed Sigmund
   783 | D:2      | Reached skill level 6 in Stealth
   783 | D:2      | Reached XP level 5. HP: 35/35 MP: 8/8
   789 | D:2      | Identified the +0 scale mail of Duty {Int+3}
   813 | D:2      | Acquired 1204 gold pieces
   815 | D:2      | Acquired a +1 helmet of see invisible
  1046 | D:2      | Found Nownom's Weapon Shop.
  1485 | D:3      | Reached skill level 7 in Stealth
  1527 | D:3      | Found an ornate altar of the Wu Jian Council.
  1780 | D:3      | Reached XP level 6. HP: 32/32 MP: 9/9
  2076 | D:4      | Noticed Natasha
  2077 | D:4      | Killed Natasha
  2417 | D:4      | Found Paozumom's Self-Improvement Boutique.
  2430 | D:4      | Noticed Pikel
  2436 | D:4      | Killed Pikel
  2437 | D:4      | Reached skill level 5 in Short Blades
  2437 | D:4      | Reached skill level 1 in Armour
  2437 | D:4      | Reached skill level 8 in Stealth
  2437 | D:4      | Reached XP level 7. HP: 36/36 MP: 10/10
  2579 | D:4      | Found an opulent altar of Gozag.
  2579 | D:4      | Found a sparkling altar of Nemelex Xobeh.
  2585 | D:4      | Became a worshipper of Gozag Ym Sagoz the Greedy
  2588 | D:4      | Bought an ancient dagger for 210 gold pieces
  2588 | D:4      | Identified the +5 dagger of Purpose {distort, rF+ Will+
                  | rCorr} (You bought it in a shop on level 4 of the Dungeon)
  2604 | D:4      | Reached skill level 9 in Stealth
  2814 | D:4      | Noticed Natasha
  2815 | D:4      | Found a blossoming altar of Fedhas.
  2822 | D:4      | Killed Natasha
  2833 | D:4      | Noticed an oklob plant
  2904 | D:4      | Noticed Natasha
  2908 | D:4      | Killed Natasha
  2970 | D:4      | Reached XP level 8. HP: 41/41 MP: 11/11
  3411 | D:5      | Entered Level 5 of the Dungeon
  3598 | D:5      | Found a glowing drain.
  3622 | Sewer    | Entered a sewer
  4327 | D:5      | Reached skill level 10 in Stealth
  4508 | D:5      | Found a staircase to the Ecumenical Temple.
  4517 | Temple   | Entered the Ecumenical Temple
  4882 | D:6      | Noticed Duvessa
  4882 | D:6      | Noticed Dowan
  4896 | D:6      | Killed Dowan
  4897 | D:6      | Reached skill level 5 in Dodging
  4904 | D:6      | Killed Duvessa
  5028 | D:6      | Reached XP level 9. HP: 45/45 MP: 12/12
  5080 | D:6      | Found a bloodstained altar of Trog.
  5099 | D:6      | Identified the +10 dagger "Qiasiol" {protect, rF+ Dex+3}
  5223 | D:6      | Reached skill level 11 in Stealth
  5584 | D:4      | Bought a manual of Armour for 1120 gold pieces
  5913 | D:5      | Found an ancient bone altar of Kikubaaqudgha.
  6081 | D:7      | Found a transporter.
  6085 | D:7      | Noticed a rust devil
  6270 | D:7      | Noticed Maggie
  6275 | D:7      | Killed Maggie
  6276 | D:7      | Reached skill level 1 in Fighting
  6296 | D:7      | Found a basalt altar of Yredelemnul.
  6374 | D:7      | Noticed an ancient zyme
  6430 | D:7      | Found a transporter.
  6440 | D:7      | Noticed Bediveer's ghost (novice HOFi)
  6477 | D:7      | Noticed a komodo dragon
  6485 | D:7      | Killed a komodo dragon
  6486 | D:7      | Reached skill level 12 in Stealth
  6797 | D:7      | Reached skill level 5 in Armour
  6917 | D:8      | Found a sacrificial altar of Ru.
  6971 | D:8      | Found a staircase to the Lair.
  6972 | D:8      | Noticed a komodo dragon
  6987 | D:8      | Killed a komodo dragon
  7132 | D:8      | Reached XP level 10. HP: 56/56 MP: 13/13
  7438 | D:8      | Noticed Amaemon
  7439 | D:8      | Noticed an orange demon
  7453 | D:8      | Killed an orange demon
  7607 | D:8      | Killed Amaemon
  7608 | D:8      | Reached skill level 13 in Stealth
  7946 | D:8      | Noticed Grum
  8341 | D:9      | Noticed Joseph
  8360 | D:9      | Banished Joseph
  8672 | D:9      | Found a radiant altar of Vehumet.
  8693 | D:9      | Noticed Maurice
  8700 | D:9      | Killed Maurice
  8730 | D:9      | Noticed a boulder beetle
  8736 | D:9      | Noticed a cyclops
  8737 | D:9      | Killed a boulder beetle
  8738 | D:9      | Reached skill level 5 in Fighting
  8764 | D:9      | Killed a cyclops
  8765 | D:9      | Reached XP level 11. HP: 63/63 MP: 14/14
  8789 | D:9      | Got the Quarto of the Unified Quarry
  8820 | D:9      | Reached skill level 14 in Stealth
  8989 | D:9      | Identified the +4 whip of Xyoraigu {drain, rN+}
  8994 | D:9      | Noticed a two-headed ogre
  9019 | D:9      | Banished a two-headed ogre
  9020 | D:9      | Reached skill level 10 in Short Blades
  9520 | D:9      | Noticed a centaur warrior
  9527 | D:9      | Killed a centaur warrior
  9882 | D:10     | Entered Level 10 of the Dungeon
 10013 | D:10     | Gained mutation: You expend magic power (3 MP) to
                  | strengthen your wands. [potion of mutation]
 10013 | D:10     | Gained mutation: Your muscles are strong. (Str +4, Int/Dex
                  | -1) [potion of mutation]
 10013 | D:10     | Gained mutation: Your body sometimes deteriorates upon
                  | taking damage. [potion of mutation]
 10014 | D:10     | Lost mutation: Your muscles are strong. (Str +4, Int/Dex
                  | -1) [potion of mutation]
 10014 | D:10     | Lost mutation: You expend magic power (3 MP) to strengthen
                  | your wands. [potion of mutation]
 10014 | D:10     | Gained mutation: You have a somewhat thin skeletal
                  | structure. (Dex +2, Stealth+) [potion of mutation]
 10014 | D:10     | Gained mutation: Your mind is acute. (Int +4, Str/Dex -1)
                  | [potion of mutation]
 10014 | D:10     | Gained mutation: Your flesh is cold resistant. (rC+)
                  | [potion of mutation]
 10036 | D:10     | Reached skill level 15 in Stealth
 10409 | D:10     | Found a stormy altar of Qazlal.
 11041 | D:10     | Found a staircase to the Orcish Mines.
 11151 | Lair:1   | Entered Level 1 of the Lair of Beasts
 11687 | Lair:1   | Reached XP level 12. HP: 71/71 MP: 15/15
 12060 | Lair:2   | Noticed Nergalle
 12075 | Lair:2   | Banished Nergalle
 12273 | Lair:2   | Reached skill level 16 in Stealth
 12369 | Lair:2   | Reached skill level 10 in Armour
 12742 | Lair:2   | Found a staircase to the Swamp.
 13021 | Lair:2   | Noticed a six-headed hydra
 13144 | Lair:3   | Found a hole to the Spider Nest.
 14195 | Lair:4   | Reached skill level 17 in Stealth
 14304 | Lair:4   | Found a staircase to the Slime Pits.
 14431 | Lair:4   | Reached XP level 13. HP: 39/78 MP: 16/16
 14596 | Lair:4   | Found a dark tunnel.
 14607 | Volcano  | Entered a volcano
 15347 | Lair:5   | Entered Level 5 of the Lair of Beasts
 15428 | Lair:5   | Noticed Kirke
 15465 | Lair:5   | Banished Kirke
 15679 | Lair:5   | Noticed Urug
 15801 | Lair:5   | Noticed a dire elephant
 15805 | Lair:5   | Killed a dire elephant
 16184 | Lair:5   | Reached skill level 18 in Stealth
 16457 | Lair:5   | Found a burning altar of Makhleb.
 16463 | Lair:5   | Found a gateway to Hell.
 16903 | Spider:1 | Entered Level 1 of the Spider Nest
 16905 | Spider:1 | Noticed a broodmother
 16939 | Spider:1 | Killed a broodmother
 17272 | Spider:1 | Reached XP level 14. HP: 38/86 MP: 17/17
 17531 | Spider:1 | Noticed a broodmother
 17549 | Spider:1 | Slain by a redback

Illustrated notes

Levels and vault maps discovered:
D:1:      minmay_arrival_three_doors, layout_rooms, minmay_lizard_king
D:2:      layout_loops_corners, serial_shops, nicolae_diamond_shop,
          kennysheep_jessica_study, uniq_sigmund
D:3:      layout_loops_ring, lemuel_tele_altar, uniq_jessica
D:4:      cheibrodos_thug_alley, layout_loops_ring,
          grunt_temple_overflow_opulence, tgw_fedhas, nicolae_shop_self_help,
          uniq_natasha, uniq_pikel
D:5:      layout_loops_ring, tso_altar, nicolae_overflow_hidden_temple,
          minmay_temple_entry_enclosed_plants, portal_sewer_entry_f,
          serial_bayou_pond_d
D:6:      layout_cave_pods, bloody_trog, hangedman_abyss_or_decor_stagger,
          uniq_duvessa
D:7:      layout_basic, kennysheep_ying_yang, gammafunk_ghost_abyssal_escape,
          uniq_maggie
D:8:      layout_cave_pods, nicolae_ru_sacrificial_ziggurat,
          david_lair_shrubbed, dk_noncrumbling_3, minmay_circle_x, uniq_amaemon,
          uniq_grum
D:9:      layout_roguey, vehumet_altar_wand_db, minmay_diamond_spiral,
          uniq_joseph, uniq_maurice
D:10:     layout_cave_pools, minitemple, david_orc_4, chequers_decorated_corner,
          statue_in_the_mist_lemuel
Temple:   nicolae_temple_figure_zero
Lair:1:   layout_regular_city
Lair:2:   layout_cave_shapes, swamp_mist, grunt_megastairs_1,
          lemuel_fruit_fields, uniq_nergalle
Lair:3:   layout_hall_layers, spider_nest_entry_webs
Lair:4:   layout_gridlike, slime_entry_1, nicolae_volcano_entry_lava_flow
Lair:5:   evil_forest, layout_cave_pods, nicolae_lair_lil_pond, uniq_kirke,
          uniq_urug
Spider:1: layout_spider_delve, gammafunk_ghost_grave

Skill      XL: |  1  2  3  4  5  6  7  8  9 10 11 12 13 |
---------------+----------------------------------------+-----
Stealth        | 5 6 7 8 9 10 12 13 15 17 18 | 18.9
Short Blades   | 2 3 5 7 8 9 10 12 13 | 13.4
Hexes          | 5 6 8 |  8.1
Dodging        | 3 4 5 6 7 8 9 |  9.9
Armour         | 1 2 5 7 9 10 11 | 11.8
Fighting       | 3 5 6 8 9 |  9.6
Spellcasting   | |  2.0

Action                   |  1- 3 |  4- 6 |  7- 9 | 10-12 | 13-15 || total
-------------------------+-------+-------+-------+-------+-------++-------
Melee: Dagger            |   102 |   114 |   294 |   543 |   248 ||  1301
       Bite              |     9 |     8 |    15 |    76 |    35 ||   143
       Punch             |       |     1 |     2 |     6 |     2 ||    11
 Cast: Ensorcelled Hiber |     1 |       |     6 |    19 |     5 ||    31
       Tukima's Dance    |       |       |       |     4 |       ||     4
Invok: Call Merchant     |       |       |     1 |     1 |       ||     2
       Potion Petition   |       |       |       |       |     1 ||     1
 Abil: Exsanguinate      |       |     1 |       |       |       ||     1
       End Transformatio |       |       |       |     1 |       ||     1
       Bat Form          |       |       |       |     1 |       ||     1
Evoke: Wand              |       |       |     2 |       |     4 ||     6
  Use: Scroll            |     1 |     4 |       |    12 |     6 ||    23
       Potion            |       |       |       |     3 |     6 ||     9
 Stab: Sleeping          |     8 |    17 |    43 |    41 |    25 ||   134
       Distracted        |       |       |     5 |     5 |     4 ||    14
       Paralysed         |       |       |     1 |       |       ||     1
       Invisible         |       |       |       |       |    15 ||    15
Armor: Robe              |    16 |     7 |       |       |       ||    23
       Scale mail        |       |    27 |    66 |   127 |    88 ||   308
Dodge: Dodged            |    69 |    37 |    93 |   188 |   127 ||   514

Table legend: (Time is in decaauts)
 A = Elapsed time spent in this place.
 B = Non-inter-level travel time spent in this place.
 C = Inter-level travel time spent in this place.
 D = Time resting spent in this place.
 E = Time spent auto-exploring this place.
 F = Levels seen in this place.
 G = Mean time per level.
                   A        B        C        D        E       F      G
               +--------+--------+--------+--------+--------+-----+--------+
         Total |  17122 |  16402 |    720 |   1322 |  11827 |  19 |  901.2 |
       Dungeon |  10382 |   9816 |    566 |    867 |   7086 |  10 | 1038.2 |
        Temple |    125 |    125 |      0 |      0 |    113 |   1 |  125.0 |
          Lair |   5532 |   5379 |    153 |    275 |   4217 |   5 | 1106.4 |
   Spider Nest |    312 |    312 |      0 |    180 |      0 |   1 |  312.0 |
         Sewer |    503 |    503 |      0 |      0 |    304 |   1 |  503.0 |
       Volcano |    266 |    266 |      0 |      0 |    106 |   1 |  266.0 |
               +--------+--------+--------+--------+--------+-----+--------+

Top non-repeatable levels by time:
     D:9: 1702 daAuts
  Lair:5: 1460 daAuts
     D:8: 1456 daAuts
  Lair:3: 1301 daAuts
     D:4: 1244 daAuts
     D:7: 1077 daAuts
  Lair:2: 979 daAuts
     D:6: 977 daAuts
     D:5: 924 daAuts
  Lair:4: 917 daAuts
     D:2: 910 daAuts
  Lair:1: 873 daAuts
    D:10: 843 daAuts
     D:3: 764 daAuts
   Sewer: 503 daAuts
